Map: Blackpink LE

Players

PtitDrogo - Winner!

  • Race: Protoss Protoss
  • League: Grandmaster
  • Spawn Location: 1:00

Beastyqt

  • Race: Terran Terran
  • League: Grandmaster
  • Spawn Location: 7:00

VOD

https://www.youtube.com/watch?v=5nbMJgaj3uQ

Description

Time

  • Played on: Dec. 9, 2017, 3:47 p.m.
  • Length: 21:57
Show
View Real Time Build Order
Export as new Build Order

PtitDrogo Protoss - Winner!

Build Orders: 1 Gate Expand, Blink Stalkers, Carriers 

Get SALT Encoding   

  12  0:00  Probe  
  13  0:12  Probe  
  14  0:17  Pylon  
  14  0:24  Probe (Chrono Boost)  
  15  0:36  Gateway  
  15  0:37  Probe (Chrono Boost)  
  16  0:45  Assimilator  
  16  0:46  Probe (Chrono Boost)  
  17  0:51  Probe  
  18  1:03  Probe  
  19  1:19  Nexus  
  19  1:26  Probe  
  20  1:33  Cybernetics Core  
  20  1:38  Probe  
  21  1:42  Assimilator  
  21  1:51  Probe  
  21  1:52  Pylon  
  22  2:03  Probe  
  23  2:09  Warp Gate (Chrono Boost)  
  23  2:10  Stalker (Chrono Boost)  
  23  2:15  Probe  
  26  2:27  Probe  
  29  2:30  Stalker (Chrono Boost)  
  29  2:32  Probe  
  30  2:42  Twilight Council  
  31  2:44  Probe (Chrono Boost)  
  31  2:48  Probe (Chrono Boost)  
  33  2:54  Probe x2 (Chrono Boost)  
  34  2:59  Probe  
  34  3:04  Probe  
  36  3:07  Gateway  
  36  3:09  Gateway  
  36  3:12  Stalker  
  38  3:21  Probe  
  38  3:22  Probe  
  38  3:23  Blink (Chrono Boost)  
  40  3:32  Pylon  
  40  3:33  Probe  
  41  3:38  Probe  
  42  3:45  Probe  
  42  3:47  Pylon  
  43  3:50  Probe  
  44  3:57  Probe  
  44  3:58  Pylon  
  45  4:03  Probe  
  45  4:06  Stalker x3  
  53  4:10  Probe  
  53  4:15  Pylon  
  53  4:16  Probe  
  54  4:27  Probe  
  55  4:32  Nexus  
  55  4:34  Probe, Pylon  
  56  4:38  Assimilator  
  56  4:39  Probe  
  56  4:40  Assimilator  
  56  4:43  Robotics Facility  
  57  4:46  Probe  
  57  4:51  Sentry x2, Probe  
  63  4:58  Stalker, Probe  
  66  5:12  Probe x2  
  68  5:17  Charge  
  68  5:18  Forge  
  68  5:20  Forge  
  68  5:23  Stalker x2  
  68  5:24  Probe  
  68  5:25  Probe  
  74  5:31  Pylon  
  74  5:32  Observer (Chrono Boost)  
  75  5:36  Probe  
  75  5:38  Probe  
  77  5:43  Observer, Pylon  
  77  5:45  Protoss Ground Armor Level 1 (Chrono Boost)  
  77  5:48  Probe  
  77  5:49  Probe  
  80  5:50  Probe  
  81  6:00  Probe  
  81  6:01  Probe  
  81  6:02  Probe  
  84  6:04  Immortal  
  84  6:05  Protoss Ground Weapons Level 1 (Chrono Boost)  
  88  6:12  Probe  
  88  6:14  Probe  
  88  6:16  Gateway  
  91  6:19  Gateway  
  91  6:21  Gateway  
  91  6:22  Stalker  
  91  6:23  Stalker, Gateway  
  91  6:25  Stalker  
  95  6:34  Probe x3  
  95  6:36  Assimilator  
  95  6:39  Assimilator  
  98  6:41  Templar Archives  
  92  7:02  Probe x2  
  93  7:08  Probe  
  93  7:09  Immortal (Chrono Boost)  
  93  7:13  Pylon  
  93  7:14  Probe x2, Pylon  
  100  7:15  Photon Cannon  
  100  7:17  Photon Cannon  
  100  7:19  Photon Cannon  
  100  7:20  Probe  
  100  7:22  Protoss Ground Armor Level 2 (Chrono Boost)  
  101  7:26  Probe  
  101  7:27  Gateway  
  101  7:29  Protoss Ground Weapons Level 2 (Chrono Boost), Gateway  
  102  7:30  Nexus, Pylon  
  102  7:38  Warp Prism, Probe  
  102  7:39  Probe  
  102  7:40  Probe  
  102  7:43  Robotics Facility  
  107  7:50  Probe  
  107  7:51  Probe  
  109  7:53  Probe  
  110  7:59  Photon Cannon  
  110  8:03  Probe  
  111  8:13  Probe x2  
  111  8:14  Immortal  
  111  8:18  Probe, Assimilator  
  118  8:21  Assimilator  
  118  8:22  Photon Cannon  
  118  8:23  Photon Cannon  
  118  8:24  Photon Cannon  
  118  8:25  Stalker x4  
  118  8:26  Observer  
  126  8:36  Zealot x3  
  126  8:37  Probe  
  133  8:41  Probe  
  132  9:00  Immortal (Chrono Boost)  
  132  9:01  Immortal (Chrono Boost)  
  140  9:06  Probe  
  139  9:12  Protoss Ground Armor Level 3 (Chrono Boost)  
  139  9:13  Protoss Ground Weapons Level 3 (Chrono Boost)  
  136  9:17  Stalker x2  
  136  9:18  Zealot x4  
  148  9:28  Gateway  
  148  9:33  Gateway  
  148  9:34  Gateway  
  148  9:41  Pylon  
  148  9:48  Pylon x2  
  148  9:51  Pylon x2  
  148  9:53  Pylon  
  148  9:54  Pylon  
  148  9:55  Pylon  
  148  9:56  Pylon x2  
  148  9:59  Immortal (Chrono Boost)  
  156  10:03  Immortal (Chrono Boost)  
  151  10:13  Stalker x4  
  151  10:14  Stalker  
  150  10:31  High Templar x3  
  150  10:32  High Templar  
  158  10:38  Immortal (Chrono Boost)  
  166  10:43  High Templar x4, Immortal (Chrono Boost)  
  166  10:44  High Templar x4  
  166  10:45  Archon x2  
  166  10:47  Archon x2  
  166  10:48  Archon x2  
  182  10:59  Nexus  
  182  11:00  Pylon  
  182  11:07  Warp Prism (Chrono Boost)  
  182  11:13  Stalker x4  
  182  11:16  Zealot x3  
  182  11:17  Zealot x2  
  198  11:39  High Templar x4, Zealot  
  198  11:40  Zealot  
  198  11:43  Archon x2  
  198  11:45  Photon Cannon  
  200  11:47  Photon Cannon  
  200  11:50  Photon Cannon  
  200  11:53  Assimilator  
  200  11:55  Assimilator  
  178  12:17  Protoss Shields Level 1 (Chrono Boost)  
  178  12:20  Immortal x2  
  150  12:30  Psionic Storm, Probe x2  
  150  12:31  Probe  
  153  12:39  Stargate  
  153  12:40  High Templar x4  
  161  12:44  High Templar  
  161  12:45  High Templar x4  
  161  12:46  Zealot x3  
  177  12:52  Archon x2  
  178  12:58  Probe (Chrono Boost)  
  178  13:01  Immortal x2  
  187  13:09  Zealot x2, Probe (Chrono Boost)  
  187  13:10  Zealot  
  187  13:12  Zealot x3, Probe  
  200  13:23  Fleet Beacon  
  200  13:26  Oracle  
  199  13:30  Stargate  
  199  13:33  Stargate  
  199  13:37  Stargate  
  199  13:54  Protoss Shields Level 2 (Chrono Boost)  
  199  13:56  Protoss Air Weapons Level 1 (Chrono Boost)  
  165  14:22  Carrier x4 (Chrono Boost)  
  107  14:33  Graviton Catapult  
  107  14:36  High Templar x2  
  107  14:37  Zealot x10  
  127  14:41  Archon  
  127  14:43  Immortal  
  131  14:50  Immortal  
  135  15:08  Stalker x3  
  135  15:09  Stalker x4  
  135  15:10  High Templar x2  
  151  15:14  Archon  
  151  15:22  High Templar x2  
  151  15:23  Zealot  
  151  15:26  Archon  
  151  15:28  Carrier (Chrono Boost)  
  161  15:32  Stalker x5  
  135  15:58  Carrier (Chrono Boost)  
  135  15:59  Carrier (Chrono Boost)  
  149  16:13  Carrier (Chrono Boost)  
  141  16:21  Zealot x6  
  141  16:22  Zealot  
  155  16:35  Zealot x5  
  157  16:48  Stalker x3  
  157  16:50  Probe  
  158  16:57  Protoss Air Weapons Level 2 (Chrono Boost)  
  156  17:02  Probe  
  156  17:04  Tempest  
  163  17:14  Probe  
  164  17:15  High Templar  
  164  17:16  High Templar x3  
  166  17:26  Probe  
  137  17:38  Probe  
  138  17:45  Zealot x3  
  138  17:48  Carrier (Chrono Boost)  
  150  18:05  High Templar x5  
  156  18:06  High Templar  
  156  18:10  Archon x3  
  156  18:12  Zealot  
  164  18:20  Stalker x4  
  172  18:39  Zealot x5  
  182  18:51  Carrier  
  188  18:59  Stalker x2  
  184  19:11  Stalker  
  140  19:53  Carrier  
  138  20:26  High Templar x3  
  138  20:27  High Templar x2  
  148  20:55  Stalker x2  
  148  20:56  Stalker x2  
  132  21:15  Stalker x5  
  142  21:36  Templar Archives  
  142  21:57  Nexus  
Show
View Real Time Build Order
Export as new Build Order

Beastyqt Terran 

Build Orders: Cyclone Opening, Gas First Reaper Expand, Reaper Expand, Mech 

Get SALT Encoding   

  12  0:00  SCV  
  13  0:13  SCV  
  14  0:17  Supply Depot  
  14  0:25  SCV  
  14  0:27  Refinery  
  15  0:40  SCV  
  16  0:45  Barracks  
  16  0:53  SCV  
  17  1:05  SCV  
  18  1:17  SCV  
  19  1:31  Orbital Command  
  19  1:32  Reaper  
  20  1:49  Command Center  
  20  1:59  Factory, SCV  
  21  2:12  Supply Depot, Barracks Reactor  
  21  2:13  SCV  
  22  2:20  Refinery  
  22  2:25  SCV  
  23  2:38  SCV  
  24  2:50  SCV  
  25  2:55  Cyclone  
  28  3:01  Orbital Command  
  28  3:02  SCV  
  29  3:06  Cyclone  
  32  3:14  SCV  
  33  3:24  Command Center  
  33  3:26  SCV, Barracks Tech Lab  
  33  3:29  SCV  
  34  3:38  SCV  
  35  3:43  Supply Depot, SCV  
  36  3:50  SCV  
  36  3:51  Siege Tank  
  36  3:54  Refinery  
  36  3:55  SCV  
  41  3:59  Refinery  
  41  4:01  Barracks Tech Lab  
  41  4:02  SCV  
  42  4:07  SCV  
  42  4:08  Supply Depot  
  43  4:14  SCV  
  43  4:16  Factory  
  44  4:19  SCV  
  44  4:23  Siege Tank  
  48  4:26  SCV  
  49  4:33  Supply Depot  
  49  4:34  SCV  
  49  4:36  Factory  
  50  4:39  SCV  
  50  4:41  Orbital Command  
  51  4:46  SCV  
  51  4:51  SCV  
  51  4:52  Bunker  
  53  4:58  Supply Depot, SCV  
  54  5:03  SCV  
  54  5:04  Siege Tank  
  57  5:07  SCV  
  57  5:10  SCV  
  58  5:15  Hellion x2, SCV  
  58  5:20  Marine  
  64  5:23  SCV  
  64  5:28  Siege Tank  
  68  5:29  SCV x2  
  68  5:33  Armory  
  70  5:37  SCV  
  70  5:38  Armory  
  70  5:41  Engineering Bay  
  71  5:47  SCV  
  71  5:51  SCV x2  
  71  5:53  Siege Tank  
  71  5:54  Hellion  
  78  5:58  Supply Depot x2  
  78  5:59  SCV  
  79  6:07  SCV  
  79  6:10  Missile Turret  
  80  6:11  Missile Turret  
  80  6:13  Siege Tank  
  80  6:14  Supply Depot  
  80  6:16  Hellion  
  85  6:20  Orbital Command, SCV, Hellion  
  85  6:23  Supply Depot  
  88  6:30  SCV  
  87  6:40  Factory x2  
  87  6:42  Missile Turret  
  87  6:43  SCV  
  87  6:44  Missile Turret  
  88  6:48  SCV  
  88  6:49  SCV  
  88  6:57  SCV  
  88  7:00  SCV  
  85  7:04  Hellion x2, Siege Tank x2  
  85  7:05  Refinery  
  85  7:07  Terran Vehicle Weapons Level 1  
  95  7:13  SCV, Terran Vehicle And Ship Armor Level 1  
  95  7:14  SCV x2  
  98  7:19  Missile Turret  
  98  7:20  Refinery  
  98  7:21  Supply Depot  
  98  7:25  SCV  
  98  7:26  Hellion, SCV  
  102  7:30  Factory Tech Lab, Factory Reactor  
  102  7:31  Hellion  
  102  7:34  SCV  
  102  7:35  Starport  
  105  7:37  SCV  
  105  7:40  Supply Depot, SCV  
  105  7:41  Supply Depot x2  
  107  7:48  Supply Depot  
  107  7:51  Siege Tank x2  
  107  7:53  Hellion  
  107  7:55  SCV x2  
  107  7:56  SCV  
  118  8:03  Infernal Pre-Igniter  
  118  8:04  Missile Turret  
  116  8:06  Missile Turret  
  116  8:07  Smart Servos  
  116  8:15  Starport Reactor  
  116  8:16  Supply Depot  
  116  8:17  Siege Tank  
  116  8:18  Hellion  
  120  8:23  Supply Depot, Siege Tank  
  119  8:33  Siege Tank  
  122  8:34  Hellion x2  
  122  8:35  Hellion  
  122  8:39  Hellion  
  128  8:41  Rapid Fire Launchers  
  128  8:49  Command Center, Siege Tank  
  128  8:55  Hellion, Siege Tank, Viking x2  
  135  8:56  Hellion  
  135  9:02  Hellion x2  
  144  9:06  Siege Tank  
  144  9:08  Terran Vehicle Weapons Level 2  
  149  9:17  Hellion x2, Terran Vehicle And Ship Armor Level 2  
  149  9:21  Hellion  
  149  9:24  Hellion  
  151  9:25  Viking x2  
  151  9:29  Siege Tank  
  151  9:30  Hellion  
  160  9:35  Supply Depot  
  160  9:38  Hellion  
  162  9:40  Hi-Sec Auto Tracking  
  162  9:48  Siege Tank  
  162  9:51  Hellion  
  167  9:53  Hellion  
  167  9:54  Missile Turret  
  167  9:56  Missile Turret x2  
  167  9:59  Siege Tank  
  170  10:05  Refinery  
  170  10:17  Siege Tank  
  170  10:18  Hellion x3  
  170  10:20  Siege Tank  
  166  10:24  Starport  
  166  10:27  Starport  
  162  10:38  Command Center, Fusion Core  
  162  10:50  Sensor Tower  
  159  11:05  Missile Turret  
  159  11:06  Planetary Fortress  
  159  11:09  Starport Reactor, Starport Tech Lab  
  158  11:11  Siege Tank x2  
  158  11:12  Hellion x4  
  172  11:24  Refinery  
  172  11:26  Refinery  
  172  11:32  Terran Vehicle Weapons Level 3  
  172  11:35  Command Center  
  169  11:41  Sensor Tower  
  169  11:44  Terran Vehicle And Ship Armor Level 3  
  169  11:45  Liberator  
  169  11:46  Hellion x2  
  173  12:01  Advanced Ballistics, Liberator  
  172  12:10  Missile Turret  
  172  12:11  Missile Turret  
  172  12:12  Liberator  
  160  12:17  Siege Tank x2  
  160  12:18  Hellion x2  
  154  12:27  Missile Turret  
  154  12:28  Missile Turret, Liberator  
  157  12:34  Building Armor  
  157  12:35  SCV  
  157  12:36  SCV  
  159  12:38  SCV  
  160  12:46  Liberator x2  
  160  12:47  Liberator  
  160  12:49  Orbital Command  
  170  13:08  Hellion  
  170  13:11  Hellion  
  174  13:14  SCV  
  173  13:26  Siege Tank  
  179  13:27  Hellion x2, Siege Tank  
  183  13:39  Hellion x2  
  183  13:40  Hellion  
  187  13:43  Liberator x2  
  187  13:44  Liberator  
  187  13:48  Hellion  
  187  13:49  Hellion  
  187  13:50  Planetary Fortress  
  191  13:59  Liberator  
  200  14:13  Hellion x4, Siege Tank  
  200  14:14  Siege Tank  
  181  14:19  Siege Tank  
  181  14:20  SCV x2  
  181  14:21  SCV  
  149  14:31  SCV  
  134  14:36  Terran Ship Weapons Level 1  
  134  14:46  Siege Tank  
  134  14:47  Hellion, Siege Tank  
  134  14:48  Hellion x3  
  134  14:49  SCV  
  134  14:51  Siege Tank  
  151  14:54  SCV x2  
  151  14:56  Hellion x2, SCV  
  151  14:58  SCV  
  151  14:59  Missile Turret  
  154  15:00  SCV  
  157  15:09  Hellion x2, SCV  
  157  15:11  SCV  
  159  15:18  Siege Tank  
  159  15:19  Siege Tank  
  165  15:30  Hellion x2, Siege Tank  
  165  15:31  Liberator  
  165  15:32  Liberator x2  
  172  15:37  Liberator  
  172  15:38  Liberator  
  169  15:44  Hellion x2  
  162  15:50  Siege Tank  
  162  15:51  Hellion, Siege Tank  
  159  16:02  Hellion, Siege Tank  
  156  16:05  Hellion x2  
  156  16:08  Refinery x2  
  160  16:13  Hellion  
  161  16:22  Siege Tank  
  161  16:24  Liberator x2  
  164  16:27  Thor  
  164  16:28  Hellion  
  172  16:33  Thor  
  172  16:39  Orbital Command, Terran Ship Weapons Level 2  
  186  16:47  Hellion  
  186  16:48  Liberator  
  186  16:49  SCV x2  
  182  16:55  Hellion  
  182  16:56  SCV  
  181  17:06  Hellion x2, SCV x2  
  181  17:07  SCV  
  191  17:11  SCV  
  191  17:12  Orbital Command  
  192  17:16  Missile Turret  
  192  17:17  Missile Turret  
  192  17:21  Missile Turret x2  
  183  17:30  Hellion x3  
  186  17:38  SCV  
  187  17:49  SCV  
  187  17:50  Missile Turret x2, Refinery  
  188  17:52  Refinery  
  188  17:56  Siege Tank  
  188  17:57  Hellion x2  
  195  18:01  SCV  
  195  18:05  Sensor Tower  
  196  18:06  Missile Turret  
  196  18:09  SCV x2  
  198  18:18  Command Center  
  198  18:20  Orbital Command  
  195  18:36  Viking x3  
  193  18:46  Command Center  
  193  18:48  Viking x2  
  197  18:49  Command Center  
  197  19:00  Liberator  
  197  19:01  Liberator  
  193  19:06  Missile Turret x2  
  193  19:07  Missile Turret  
  173  19:17  Viking x3  
  162  19:30  Liberator x3  
  113  19:53  Thor  
  113  19:54  Widow Mine x2  
  113  19:59  Hellion, Liberator  
  116  20:00  Liberator  
  99  20:18  Liberator  
  105  20:25  Widow Mine  
  105  20:27  Missile Turret  
  99  20:30  Missile Turret  
  102  20:40  Orbital Command  
  65  21:18  Hellion x2  
  65  21:19  Hellion  
Tags
 
Add a new tag
Caveats
  • Supply blocks, unpowered buildings, or Contaminate may cause inaccurate times.
  • Supply counts are checked every 10 seconds.